cohdb
Replays
Latest Replays
All Replays
Popular Replays
Top Player Replays
Match Explorer
How It Works
Community
CoH3 Stats
Reddit
Sign in to upload your games and track your stats! →
Sign in with Steam
Match 39532297
Unlisted
Match 39532297
Overview
Messages
Build Orders
End
Construct Weapon Support Center
Scout Squad
M1919 Machine Gun Team
Selects Heavy Weapons
M1919 Machine Gun Team
Bazooka Squad
M1919 Machine Gun Team
Selects M2HB .50cal Heavy Machine Gun
Air Support Center
M3 Armored Personnel Carrier
Selects Assault Carriers
Bazooka Squad
Construct Motor Pool
Selects Exchangeable Parts
M8 Greyhound Armored Car
M24 Chaffee Light Tank
Engineer Squad
M24 Chaffee Light Tank
M1919 Machine Gun Team
M24 Chaffee Light Tank
DarTH Vader
Shlong of Democracy
BigTiddyLebron
kreumat
0
0
Comments
sign in to comment!
No comments posted yet!